[Event "FRA-ch Youth U16 2018"]
[Site "Agen"]
[Date "2018.04.15"]
[Round "1"]
[White "Aubert, Estee"]
[Black "Henry, Aziliz"]
[Result "1-0"]
[ECO "E62"]
[WhiteElo "1892"]
[BlackElo "1397"]
[Annotator "NA RC"]
[PlyCount "79"]
[EventDate "2018.??.??"]
[EventType "swiss"]
[EventCountry "FRA"]
[SourceTitle "playchess.com"]
[Source "ChessBase"]
[SourceQuality "1"]
[TimeControl "5400+30"]

1. Nf3 d6 2. d4 Nf6 3. g3 g6 4. Bg2 Bg7 5. O-O O-O 6. c4 Nc6 7. Nc3 e5 8. dxe5 dxe5 9. Qa4 Bd7 10. Qb5 b6 11. Nxe5 Nxe5 12. Qxe5 Re8 13. Qf4 Rb8 14. Rd1 Qc8 15. a4 c5 16. a5 b5 17. cxb5 $16 Bxb5 18. Nxb5 Rxb5 19. Qc4 Rb4 20. Qc2 Ne4 21. Rd3 Bd4 22. e3 Bg7 23. Rb3 Qf5 24. f3 Nxg3 25. e4 Bd4+ 26. Be3 Bxe3+ 27. Rxe3 Qg5 28. f4 Qxf4 29. Rxg3 Qe5 30. Rc3 Qd4+ 31. Kh1 Re5 32. Rd1 Rxb2 33. Rxd4 Rxc2 34. Rd8+ Kg7 35. Rxc2 c4 36. Rd5 Rxd5 37. exd5 Kf6 38. Rxc4 Ke7 39. Rc7+ Kd6 40. Rxa7 1-0

[Event "FRA-ch Youth U16 2018"]
[Site "Agen"]
[Date "2018.04.15"]
[Round "1"]
[White "Bellahcene, Meriem"]
[Black "Lemiere, Charlotte"]
[Result "1-0"]
[ECO "C02"]
[WhiteElo "1862"]
[BlackElo "1380"]
[Annotator "NA RC"]
[PlyCount "105"]
[EventDate "2018.??.??"]
[EventType "swiss"]
[EventCountry "FRA"]
[SourceTitle "playchess.com"]
[Source "ChessBase"]
[SourceQuality "1"]
[TimeControl "5400+30"]

1. e4 e6 2. d4 d5 3. e5 c5 4. c3 Qb6 5. Nf3 Nh6 6. a3 Nf5 7. b4 cxb4 8. cxb4 Nc6 9. Bb2 Bd7 10. Be2 Be7 11. O-O O-O 12. Qd3 a5 13. b5 Na7 14. a4 Rfc8 15. Ba3 Qd8 16. Nbd2 b6 17. Bxe7 Qxe7 18. Rfc1 $16 Be8 19. Nf1 Rab8 20. g4 Nh6 21. Ne3 Kh8 22. g5 Ng8 23. Kh1 Rxc1+ 24. Rxc1 Rc8 25. Rxc8 Nxc8 26. Qc2 Qd7 27. Bd3 g6 28. Ng4 Nce7 29. Nf6 Nxf6 30. gxf6 Ng8 31. Ng5 h6 32. Nh3 Qd8 33. Nf4 Kh7 34. Bxg6+ Kh8 35. Bh5 Qd7 36. Qc3 Qd8 37. Qg3 Nxf6 38. exf6 Qxf6 39. Ne2 Qf5 40. Qe5+ Qxe5 41. dxe5 Kg7 42. Nd4 Bd7 43. Kg2 f6 44. f4 fxe5 45. fxe5 Kf8 46. Kf3 Ke7 47. Bg4 Kf7 48. Kg3 Ke7 49. Kh4 Kf7 50. Kh5 Kg7 51. Nxe6+ Bxe6 52. Bxe6 d4 53. Bf5 1-0

[Event "FRA-ch Youth U16 2018"]
[Site "Agen"]
[Date "2018.04.15"]
[Round "1"]
[White "Mercier, Pauline"]
[Black "Djidjeli, Sarah"]
[Result "0-1"]
[ECO "A06"]
[WhiteElo "1399"]
[BlackElo "1903"]
[Annotator "NA RC"]
[PlyCount "48"]
[EventDate "2018.??.??"]
[EventType "swiss"]
[EventCountry "FRA"]
[SourceTitle "playchess.com"]
[Source "ChessBase"]
[SourceQuality "1"]
[TimeControl "5400+30"]

1. Nf3 d5 2. g3 Nf6 3. Bg2 e6 4. b3 Be7 5. Bb2 O-O 6. O-O c5 7. d3 Nc6 8. Nbd2 Qc7 9. d4 cxd4 10. Nxd4 Nxd4 11. Bxd4 e5 12. Bb2 Rd8 13. Nf3 d4 14. Qc1 Nd5 15. Rd1 Bf5 16. Ne1 Be6 17. a3 Rac8 $17 18. e3 dxe3 19. fxe3 Nxe3 20. Rxd8+ Rxd8 21. b4 Qb6 22. Bxe5 Ng4+ 23. Kh1 Nf2+ 24. Kg1 Nh3+ {[%emt 0:00:07] Qd1} 0-1

[Event "FRA-ch Youth U16 2018"]
[Site "Agen"]
[Date "2018.04.15"]
[Round "1"]
[White "Barth, Adele"]
[Black "Conti, Anne-Marie"]
[Result "0-1"]
[ECO "E10"]
[WhiteElo "1386"]
[BlackElo "1865"]
[Annotator "NA RC"]
[PlyCount "68"]
[EventDate "2018.??.??"]
[EventType "swiss"]
[EventCountry "FRA"]
[SourceTitle "playchess.com"]
[Source "ChessBase"]
[SourceQuality "1"]
[TimeControl "5400+30"]

1. c4 Nf6 2. d4 e6 3. Nf3 c5 4. Nc3 g6 5. e3 Bg7 6. Be2 O-O 7. O-O cxd4 8. exd4 b6 9. d5 Bb7 10. Re1 Na6 11. Be3 Ng4 12. Bf4 e5 13. Bg5 f6 14. Bd2 d6 15. h3 $11 Nh6 16. a3 Nf7 17. b4 f5 18. Bc1 Rc8 19. Bb2 Nb8 20. Rc1 g5 21. Nd2 Nd7 22. Bh5 Qf6 23. Nb5 a6 24. Nc3 Qh6 25. Be2 e4 26. Qc2 Nfe5 27. Qb3 g4 28. Nf1 gxh3 29. g3 f4 30. Kh2 fxg3+ 31. Nxg3 Rxf2+ 32. Kh1 Nf3 33. Bxf3 exf3 34. Rg1 Qd2 0-1